[ AOE2 MATCH · #506732544 ]
UnrankedBurgundians vs Portuguese
[ REPLAY ANALYSIS · EXTRACTED FROM THE RECORDED GAME ]
Feudal
11:15
Castle
15:14
Imperial
—
| APM avg | 49.4 |
| APM peak | 103 |
| eAPM avg | 26.3 |
| Villagers / military | 141 / 198 |
Focus
⚔️ 33.5% · 🌾 66.5%
Knight ×126 · Skirmisher ×45 · Scout Cavalry ×22 · Monk ×3 · Spearman ×2
Feudal
10:06
Castle
14:02
Imperial
28:11
| APM avg | 26.3 |
| APM peak | 73 |
| eAPM avg | 12.9 |
| Villagers / military | 71 / 25 |
Focus
⚔️ 16.3% · 🌾 83.7%
Archer ×23 · Monk ×2
Feudal
10:25
Castle
13:58
Imperial
29:38
| APM avg | 29.8 |
| APM peak | 75 |
| eAPM avg | 22.1 |
| Villagers / military | 166 / 187 |
Focus
⚔️ 35.3% · 🌾 64.7%
Knight ×177 · Trebuchet (Packed) ×5 · Bombard Cannon ×3 · Monk ×2
Feudal
10:01
Castle
17:46
Imperial
31:43
| APM avg | 26.2 |
| APM peak | 71 |
| eAPM avg | 13.8 |
| Villagers / military | 167 / 68 |
Focus
⚔️ 15.3% · 🌾 84.7%
Knight ×44 · Scout Cavalry ×17 · Monk ×3 · Mangonel ×3 · Trebuchet (Packed) ×1
Feudal
11:19
Castle
16:30
Imperial
28:09
| APM avg | 34.8 |
| APM peak | 77 |
| eAPM avg | 21.4 |
| Villagers / military | 141 / 179 |
Focus
⚔️ 29.0% · 🌾 71.0%
Genoese Crossbowman ×174 · Unknown (882) ×159 · Cavalry Archer ×5
Feudal
12:33
Castle
17:18
Imperial
21:43
| APM avg | 36.9 |
| APM peak | 72 |
| eAPM avg | 21.0 |
| Villagers / military | 123 / 153 |
Focus
⚔️ 34.7% · 🌾 65.3%
Hand Cannoneer ×126 · Bombard Cannon ×25 · Monk ×1 · Cavalry Archer ×1
Match map
Initial resources + every placement click. Lines = walls · curves = elevation contours. ◆ gold · ⬟ stone · ● berries · ✦ relic · ◌ wall gap
Your base· ✓ Closed at 15:14 · 0t walls · 2 gate(s)
Soulrajh's base· ✓ Closed at 14:02 · 0t walls · 4 gate(s)
LMG_Leonardo's base· ✓ Closed at 13:58 · 0t walls · 3 gate(s)
Racletteduterter's base· ✓ Closed at 17:46 · 0t walls · 4 gate(s)
Merciless Gladiator Stal's base· ✓ Closed at 16:30 · 0t walls · 2 gate(s)
LMG_SON SABANDIJAS's base· ✓ Closed at 17:18 · 9t walls · 3 gate(s)
Smoothed initial terrain · ◌ = detected wall gap · hover for details
Inputs per minute
— LMG_HERA DE TEMU - - Soulrajh
Build order — LMG_HERA DE TEMU
First 150 of 506 actions detected
| 0:02 | Queue | Villager (Male) |
| 0:02 | Queue | Villager (Male) |
| 0:02 | Queue | Villager (Male) |
| 0:02 | Queue | Villager (Male) |
| 0:03 | Queue | Villager (Male) |
| 0:04 | Build | House |
| 0:05 | Build | House |
| 1:41 | Queue | Villager (Male) |
| 1:41 | Queue | Villager (Male) |
| 1:41 | Queue | Villager (Male) |
| 1:41 | Queue | Villager (Male) |
| 1:47 | Build | Lumber Camp |
| 1:51 | Queue | Villager (Male) |
| 1:51 | Queue | Villager (Male) |
| 1:51 | Queue | Villager (Male) |
| 2:21 | Queue | Villager (Male) |
| 2:21 | Queue | Villager (Male) |
| 2:22 | Queue | Villager (Male) |
| 2:43 | Queue | Villager (Male) |
| 2:44 | Queue | Villager (Male) |
| 2:44 | Queue | Villager (Male) |
| 2:51 | Queue | Villager (Male) |
| 2:51 | Queue | Villager (Male) |
| 3:12 | Research | Loom |
| 3:12 | Research | Loom |
| 3:13 | Research | Loom |
| 3:31 | Build | House |
| 3:44 | Queue | Villager (Male) |
| 3:44 | Queue | Villager (Male) |
| 3:51 | Build | House |
| 4:15 | Build | Mill |
| 4:21 | Queue | Villager (Male) |
| 4:22 | Queue | Villager (Male) |
| 4:22 | Queue | Villager (Male) |
| 4:35 | Queue | Villager (Male) |
| 4:35 | Queue | Villager (Male) |
| 5:07 | Queue | Villager (Male) |
| 5:08 | Queue | Villager (Male) |
| 5:50 | Build | Mill |
| 6:02 | Queue | Villager (Male) |
| 6:02 | Queue | Villager (Male) |
| 6:35 | Build | Farm |
| 6:41 | Build | Farm |
| 6:45 | Queue | Villager (Male) |
| 6:45 | Queue | Villager (Male) |
| 7:12 | Queue | Villager (Male) |
| 7:12 | Queue | Villager (Male) |
| 7:17 | Build | Farm |
| 7:46 | Build | Farm |
| 7:56 | Queue | Villager (Male) |
| 8:40 | Build | Mining Camp |
| 9:05 | Research | Feudal Age |
| 9:05 | Research | Feudal Age |
| 10:28 | Queue | Villager (Male) |
| 10:28 | Queue | Villager (Male) |
| 11:15 | Age | Feudal Age |
| 11:18 | Build | Market |
| 11:21 | Build | Blacksmith |
| 11:25 | Build | House |
| 11:58 | Build | House |
| 12:22 | Research | Castle Age |
| 12:22 | Research | Castle Age |
| 12:29 | Build | House |
| 13:02 | Build | Barracks |
| 14:11 | Build | Stable |
| 14:25 | Research | Double-Bit Axe |
| 14:27 | Queue | Villager (Male) |
| 14:27 | Queue | Villager (Male) |
| 15:14 | Age | Castle Age |
| 15:19 | Build | Monastery |
| 15:19 | Queue | Spearman |
| 15:31 | Research | Cavalier (upgrade) |
| 15:43 | Build | House |
| 15:46 | Build | House |
| 15:48 | Build | House |
| 15:53 | Queue | Villager (Male) |
| 15:53 | Queue | Villager (Male) |
| 15:54 | Queue | Monk |
| 15:56 | Research | Gold Mining |
| 16:16 | Queue | Spearman |
| 16:33 | Research | Horse Collar |
| 16:58 | Queue | Monk |
| 17:13 | Build | Farm |
| 17:14 | Build | Farm |
| 17:17 | Build | Farm |
| 17:18 | Build | Farm |
| 17:20 | Queue | Villager (Male) |
| 17:20 | Queue | Villager (Male) |
| 17:22 | Queue | Knight |
| 17:22 | Queue | Knight |
| 17:28 | Build | Farm |
| 17:29 | Build | Farm |
| 18:06 | Queue | Knight |
| 18:07 | Queue | Knight |
| 18:16 | Queue | Villager (Male) |
| 18:16 | Queue | Villager (Male) |
| 18:16 | Queue | Villager (Male) |
| 18:18 | Build | Farm |
| 18:19 | Build | Farm |
| 18:22 | Build | Farm |
| 18:24 | Build | Farm |
| 18:26 | Build | Farm |
| 18:27 | Build | Farm |
| 18:37 | Queue | Villager (Male) |
| 18:37 | Queue | Villager (Male) |
| 18:52 | Queue | Monk |
| 18:57 | Queue | Knight |
| 18:57 | Queue | Knight |
| 19:25 | Build | Farm |
| 19:27 | Build | Farm |
| 19:28 | Build | Farm |
| 19:32 | Build | Farm |
| 19:34 | Build | Farm |
| 19:37 | Queue | Villager (Male) |
| 19:37 | Queue | Villager (Male) |
| 19:42 | Build | House |
| 19:43 | Build | House |
| 19:44 | Build | House |
| 20:07 | Research | Husbandry |
| 20:26 | Build | Farm |
| 20:27 | Build | Farm |
| 20:27 | Build | Farm |
| 20:32 | Queue | Villager (Male) |
| 20:32 | Queue | Villager (Male) |
| 20:48 | Queue | Knight |
| 20:48 | Queue | Knight |
| 20:52 | Research | Scale Barding Armor |
| 20:52 | Research | Scale Barding Armor |
| 20:53 | Research | Scale Barding Armor |
| 21:00 | Build | House |
| 21:01 | Build | House |
| 21:03 | Build | House |
| 21:50 | Research | Forging |
| 21:57 | Queue | Knight |
| 21:57 | Queue | Knight |
| 21:57 | Queue | Knight |
| 22:01 | Build | Stable |
| 22:10 | Research | Wheelbarrow |
| 22:38 | Build | Town Center |
| 22:51 | Research | Chain Barding Armor |
| 22:58 | Queue | Villager (Male) |
| 22:58 | Queue | Villager (Male) |
| 22:58 | Queue | Villager (Male) |
| 23:03 | Build | Mining Camp |
| 23:17 | Queue | Knight |
| 23:17 | Queue | Knight |
| 23:18 | Queue | Knight |
| 23:34 | Research | Sanctity |
| 23:42 | Research | Loom |
| 23:42 | Research | Town Watch |
Build order — Soulrajh
First 150 of 175 actions detected
| 0:00 | Queue | Villager (Male) |
| 0:01 | Build | House |
| 0:03 | Build | House |
| 0:04 | Queue | Villager (Male) |
| 0:10 | Queue | Villager (Male) |
| 0:10 | Queue | Villager (Male) |
| 1:25 | Queue | Villager (Male) |
| 1:47 | Build | Lumber Camp |
| 2:03 | Queue | Villager (Male) |
| 2:16 | Queue | Villager (Male) |
| 2:16 | Queue | Villager (Male) |
| 2:32 | Build | Mill |
| 2:48 | Queue | Villager (Male) |
| 3:10 | Queue | Villager (Male) |
| 3:35 | Queue | Villager (Male) |
| 3:35 | Queue | Villager (Male) |
| 3:46 | Queue | Villager (Male) |
| 3:59 | Build | House |
| 4:18 | Build | House |
| 4:21 | Queue | Villager (Male) |
| 4:50 | Queue | Villager (Male) |
| 4:53 | Queue | Villager (Male) |
| 4:58 | Queue | Villager (Male) |
| 4:58 | Queue | Villager (Male) |
| 5:11 | Queue | Villager (Male) |
| 5:29 | Queue | Villager (Male) |
| 6:50 | Build | Mining Camp |
| 7:28 | Queue | Villager (Male) |
| 7:44 | Research | Feudal Age |
| 8:29 | Build | Mill |
| 10:06 | Age | Feudal Age |
| 10:07 | Build | Market |
| 10:09 | Queue | Villager (Male) |
| 10:33 | Build | Blacksmith |
| 10:36 | Queue | Villager (Male) |
| 11:04 | Queue | Villager (Male) |
| 11:09 | Build | House |
| 11:22 | Research | Castle Age |
| 11:32 | Build | Lumber Camp |
| 12:23 | Build | Farm |
| 12:25 | Build | Farm |
| 12:29 | Build | Farm |
| 12:35 | Build | Farm |
| 13:19 | Queue | Villager (Male) |
| 13:29 | Build | Gate |
| 13:52 | Research | Double-Bit Axe |
| 14:02 | Age | Castle Age |
| 14:04 | Build | Town Center |
| 14:05 | Queue | Villager (Male) |
| 14:13 | Queue | Villager (Male) |
| 14:17 | Build | Farm |
| 14:35 | Build | House |
| 14:41 | Build | Farm |
| 15:08 | Queue | Villager (Male) |
| 15:10 | Build | House |
| 15:12 | Queue | Villager (Male) |
| 15:31 | Build | Monastery |
| 15:33 | Queue | Villager (Male) |
| 15:33 | Queue | Villager (Male) |
| 15:42 | Build | Farm |
| 15:50 | Build | Farm |
| 15:59 | Build | Farm |
| 16:00 | Queue | Villager (Male) |
| 16:07 | Queue | Villager (Male) |
| 16:09 | Build | Farm |
| 16:20 | Queue | Monk |
| 16:20 | Queue | Monk |
| 16:22 | Build | Farm |
| 16:28 | Build | Farm |
| 16:35 | Build | Farm |
| 16:37 | Queue | Villager (Male) |
| 16:47 | Build | Farm |
| 16:51 | Build | Farm |
| 16:53 | Queue | Villager (Male) |
| 17:03 | Build | Farm |
| 17:08 | Queue | Villager (Male) |
| 17:13 | Build | Farm |
| 17:25 | Queue | Villager (Male) |
| 17:28 | Build | Farm |
| 17:30 | Build | Farm |
| 17:39 | Queue | Villager (Male) |
| 17:43 | Queue | Villager (Male) |
| 17:49 | Build | Farm |
| 17:51 | Build | Farm |
| 18:01 | Queue | Villager (Male) |
| 18:03 | Build | Farm |
| 18:10 | Build | House |
| 18:16 | Build | Farm |
| 18:17 | Queue | Villager (Male) |
| 18:28 | Queue | Villager (Male) |
| 18:36 | Queue | Villager (Male) |
| 18:36 | Queue | Villager (Male) |
| 18:42 | Build | House |
| 18:42 | Build | House |
| 18:43 | Build | House |
| 18:45 | Queue | Villager (Male) |
| 18:49 | Build | Farm |
| 18:51 | Build | Farm |
| 18:55 | Queue | Villager (Male) |
| 19:23 | Build | Barracks |
| 19:25 | Queue | Villager (Male) |
| 19:28 | Queue | Villager (Male) |
| 19:36 | Queue | Villager (Male) |
| 19:49 | Queue | Villager (Male) |
| 19:53 | Build | House |
| 19:53 | Build | House |
| 20:00 | Research | Fletching |
| 20:01 | Research | Padded Archer Armor |
| 20:02 | Queue | Villager (Male) |
| 20:07 | Queue | Villager (Male) |
| 20:21 | Queue | Villager (Male) |
| 20:21 | Queue | Villager (Male) |
| 20:28 | Build | Archery Range |
| 20:29 | Queue | Villager (Male) |
| 20:33 | Build | Mining Camp |
| 20:35 | Queue | Villager (Male) |
| 20:37 | Build | Farm |
| 20:48 | Queue | Villager (Male) |
| 21:01 | Build | Farm |
| 21:10 | Build | House |
| 21:25 | Research | Crossbowman (upgrade) |
| 21:27 | Queue | Villager (Male) |
| 21:45 | Build | Mining Camp |
| 21:54 | Queue | Archer |
| 22:00 | Build | House |
| 22:02 | Research | Bodkin Arrow |
| 22:02 | Research | Leather Archer Armor |
| 22:04 | Queue | Villager (Male) |
| 22:27 | Build | Archery Range |
| 22:33 | Queue | Villager (Male) |
| 22:33 | Queue | Villager (Male) |
| 22:40 | Build | Stone Wall |
| 22:42 | Queue | Archer |
| 22:45 | Queue | Villager (Male) |
| 22:59 | Build | University |
| 23:01 | Queue | Villager (Male) |
| 23:01 | Queue | Villager (Male) |
| 23:09 | Queue | Archer |
| 23:20 | Queue | Archer |
| 23:20 | Queue | Archer |
| 23:36 | Queue | Villager (Male) |
| 23:40 | Build | Farm |
| 23:49 | Queue | Villager (Male) |
| 23:52 | Queue | Archer |
| 24:23 | Research | Redemption |
| 24:36 | Queue | Villager (Male) |
| 25:01 | Research | Imperial Age |
| 25:03 | Queue | Archer |
| 25:04 | Queue | Archer |
| 25:04 | Queue | Archer |
Build order — LMG_Leonardo
First 150 of 523 actions detected
| 0:01 | Queue | Villager (Male) |
| 0:01 | Queue | Villager (Male) |
| 0:01 | Queue | Villager (Male) |
| 0:03 | Build | House |
| 0:04 | Build | House |
| 0:55 | Queue | Villager (Male) |
| 0:55 | Queue | Villager (Male) |
| 0:55 | Queue | Villager (Male) |
| 1:20 | Queue | Villager (Male) |
| 1:20 | Queue | Villager (Male) |
| 2:05 | Build | Lumber Camp |
| 2:06 | Queue | Villager (Male) |
| 2:07 | Queue | Villager (Male) |
| 2:24 | Queue | Villager (Male) |
| 2:24 | Queue | Villager (Male) |
| 2:49 | Queue | Villager (Male) |
| 2:49 | Queue | Villager (Male) |
| 3:08 | Queue | Villager (Male) |
| 3:09 | Queue | Villager (Male) |
| 3:30 | Queue | Villager (Male) |
| 3:31 | Queue | Villager (Male) |
| 3:41 | Build | House |
| 3:42 | Build | House |
| 3:43 | Build | House |
| 3:50 | Queue | Villager (Male) |
| 3:50 | Queue | Villager (Male) |
| 4:23 | Queue | Villager (Male) |
| 4:23 | Queue | Villager (Male) |
| 4:36 | Build | Mill |
| 4:45 | Queue | Villager (Male) |
| 4:45 | Queue | Villager (Male) |
| 4:46 | Queue | Villager (Male) |
| 5:12 | Queue | Villager (Male) |
| 5:12 | Queue | Villager (Male) |
| 6:01 | Queue | Villager (Male) |
| 6:01 | Queue | Villager (Male) |
| 6:01 | Queue | Villager (Male) |
| 6:25 | Build | Mill |
| 6:50 | Queue | Villager (Male) |
| 6:51 | Queue | Villager (Male) |
| 7:17 | Build | Mining Camp |
| 7:55 | Queue | Villager (Male) |
| 8:15 | Research | Feudal Age |
| 8:27 | Queue | Villager (Male) |
| 8:27 | Queue | Villager (Male) |
| 10:02 | Build | Farm |
| 10:25 | Age | Feudal Age |
| 10:27 | Build | Blacksmith |
| 10:30 | Build | Market |
| 10:45 | Research | Loom |
| 10:56 | Build | Farm |
| 11:29 | Research | Castle Age |
| 11:37 | Build | Farm |
| 11:40 | Build | Farm |
| 11:43 | Build | Farm |
| 12:08 | Build | House |
| 12:10 | Build | House |
| 12:30 | Build | Farm |
| 12:31 | Research | Double-Bit Axe |
| 12:35 | Queue | Villager (Male) |
| 12:36 | Queue | Villager (Male) |
| 12:36 | Queue | Villager (Male) |
| 12:36 | Queue | Villager (Male) |
| 13:16 | Build | House |
| 13:47 | Build | House |
| 13:58 | Age | Castle Age |
| 14:00 | Build | Monastery |
| 14:25 | Research | Bow Saw |
| 14:48 | Build | House |
| 14:50 | Build | House |
| 14:52 | Build | House |
| 14:56 | Queue | Villager (Male) |
| 15:12 | Queue | Villager (Male) |
| 15:12 | Queue | Villager (Male) |
| 15:21 | Build | Town Center |
| 15:40 | Research | Horse Collar |
| 15:41 | Research | Horse Collar |
| 15:48 | Queue | Monk |
| 15:48 | Queue | Monk |
| 16:02 | Build | Farm |
| 16:05 | Build | Farm |
| 16:10 | Build | Farm |
| 16:13 | Queue | Villager (Male) |
| 16:13 | Queue | Villager (Male) |
| 16:32 | Build | Barracks |
| 16:48 | Queue | Villager (Male) |
| 16:48 | Queue | Villager (Male) |
| 16:59 | Queue | Villager (Male) |
| 16:59 | Queue | Villager (Male) |
| 17:22 | Queue | Villager (Male) |
| 17:22 | Queue | Villager (Male) |
| 17:27 | Build | Farm |
| 17:31 | Build | Stable |
| 17:57 | Queue | Villager (Male) |
| 17:57 | Queue | Villager (Male) |
| 18:05 | Queue | Villager (Male) |
| 18:05 | Queue | Villager (Male) |
| 18:11 | Build | Farm |
| 18:16 | Build | Town Center |
| 18:21 | Build | Farm |
| 18:22 | Build | Farm |
| 18:26 | Build | Farm |
| 18:26 | Build | Farm |
| 18:28 | Queue | Villager (Male) |
| 18:28 | Queue | Villager (Male) |
| 18:28 | Queue | Villager (Male) |
| 18:32 | Build | Lumber Camp |
| 18:36 | Build | Farm |
| 18:37 | Build | Farm |
| 18:44 | Build | House |
| 18:57 | Queue | Villager (Male) |
| 18:57 | Queue | Villager (Male) |
| 18:57 | Queue | Villager (Male) |
| 19:02 | Build | Farm |
| 19:12 | Build | Farm |
| 19:13 | Build | Farm |
| 19:16 | Queue | Villager (Male) |
| 19:16 | Queue | Villager (Male) |
| 19:28 | Queue | Villager (Male) |
| 19:28 | Queue | Villager (Male) |
| 19:35 | Build | Farm |
| 19:35 | Build | Farm |
| 19:36 | Build | Farm |
| 19:42 | Build | Farm |
| 19:51 | Queue | Villager (Male) |
| 19:51 | Queue | Villager (Male) |
| 19:52 | Queue | Villager (Male) |
| 19:52 | Queue | Villager (Male) |
| 20:00 | Queue | Villager (Male) |
| 20:00 | Queue | Villager (Male) |
| 20:10 | Build | Farm |
| 20:10 | Build | Farm |
| 20:11 | Build | Farm |
| 20:17 | Build | Farm |
| 20:25 | Build | Farm |
| 20:36 | Build | Farm |
| 20:37 | Queue | Villager (Male) |
| 20:37 | Queue | Villager (Male) |
| 20:37 | Queue | Villager (Male) |
| 20:44 | Build | Farm |
| 20:44 | Build | Farm |
| 20:48 | Research | Bloodlines |
| 21:11 | Queue | Villager (Male) |
| 21:11 | Queue | Villager (Male) |
| 21:12 | Queue | Villager (Male) |
| 21:12 | Queue | Villager (Male) |
| 21:18 | Build | Farm |
| 21:18 | Build | Farm |
| 21:26 | Build | Farm |
| 21:27 | Build | Farm |
Build order — Racletteduterter
First 150 of 315 actions detected
| 0:00 | Queue | Villager (Male) |
| 0:00 | Queue | Villager (Male) |
| 0:00 | Queue | Villager (Male) |
| 0:00 | Queue | Villager (Male) |
| 0:00 | Queue | Villager (Male) |
| 0:00 | Queue | Villager (Male) |
| 0:00 | Queue | Villager (Male) |
| 0:03 | Build | House |
| 0:08 | Build | House |
| 1:03 | Research | Loom |
| 1:40 | Queue | Villager (Male) |
| 1:40 | Queue | Villager (Male) |
| 1:40 | Queue | Villager (Male) |
| 1:54 | Build | Lumber Camp |
| 2:15 | Queue | Villager (Male) |
| 2:15 | Queue | Villager (Male) |
| 2:15 | Queue | Villager (Male) |
| 2:15 | Queue | Villager (Male) |
| 2:50 | Queue | Villager (Male) |
| 2:50 | Queue | Villager (Male) |
| 3:08 | Queue | Villager (Male) |
| 3:09 | Queue | Villager (Male) |
| 3:40 | Build | House |
| 3:43 | Build | House |
| 3:50 | Queue | Villager (Male) |
| 3:50 | Queue | Villager (Male) |
| 3:50 | Queue | Villager (Male) |
| 4:17 | Queue | Villager (Male) |
| 4:17 | Queue | Villager (Male) |
| 4:29 | Queue | Villager (Male) |
| 4:29 | Queue | Villager (Male) |
| 5:12 | Queue | Villager (Male) |
| 5:12 | Queue | Villager (Male) |
| 5:33 | Queue | Villager (Male) |
| 5:33 | Queue | Villager (Male) |
| 5:33 | Queue | Villager (Male) |
| 5:33 | Queue | Villager (Male) |
| 5:33 | Queue | Villager (Male) |
| 5:33 | Queue | Villager (Male) |
| 6:21 | Build | Mill |
| 6:27 | Queue | Villager (Male) |
| 6:28 | Queue | Villager (Male) |
| 7:11 | Queue | Villager (Male) |
| 7:51 | Research | Feudal Age |
| 8:00 | Build | Mining Camp |
| 8:47 | Queue | Villager (Male) |
| 9:00 | Build | Mill |
| 9:57 | Build | House |
| 9:58 | Build | House |
| 10:01 | Age | Feudal Age |
| 10:04 | Queue | Villager (Male) |
| 10:04 | Queue | Villager (Male) |
| 10:09 | Research | Double-Bit Axe |
| 10:30 | Queue | Villager (Male) |
| 11:01 | Queue | Villager (Male) |
| 11:01 | Queue | Villager (Male) |
| 11:44 | Build | Barracks |
| 11:47 | Queue | Villager (Male) |
| 12:05 | Queue | Villager (Male) |
| 12:13 | Build | Farm |
| 12:49 | Build | Stable |
| 12:57 | Build | House |
| 12:59 | Build | House |
| 13:21 | Build | Lumber Camp |
| 13:31 | Queue | Villager (Male) |
| 13:31 | Queue | Villager (Male) |
| 13:37 | Build | Farm |
| 13:44 | Build | Farm |
| 13:49 | Queue | Villager (Male) |
| 13:49 | Queue | Villager (Male) |
| 13:54 | Queue | Scout Cavalry |
| 13:54 | Queue | Scout Cavalry |
| 14:05 | Build | Farm |
| 14:33 | Build | Market |
| 14:55 | Build | Palisade Gate |
| 15:01 | Queue | Villager (Male) |
| 15:06 | Research | Castle Age |
| 15:32 | Build | Farm |
| 15:33 | Build | Farm |
| 15:33 | Build | Farm |
| 15:33 | Build | Farm |
| 15:35 | Build | Farm |
| 15:41 | Build | Farm |
| 15:47 | Queue | Scout Cavalry |
| 15:54 | Queue | Villager (Male) |
| 16:04 | Build | Blacksmith |
| 16:09 | Build | House |
| 16:09 | Build | House |
| 16:11 | Build | House |
| 16:26 | Queue | Scout Cavalry |
| 16:35 | Build | Farm |
| 16:43 | Build | Farm |
| 16:50 | Build | Farm |
| 17:19 | Queue | Villager (Male) |
| 17:46 | Age | Castle Age |
| 17:52 | Queue | Villager (Male) |
| 17:52 | Queue | Villager (Male) |
| 18:00 | Build | Town Center |
| 18:12 | Build | Town Center |
| 18:16 | Queue | Villager (Male) |
| 18:16 | Queue | Villager (Male) |
| 18:16 | Queue | Villager (Male) |
| 18:16 | Queue | Villager (Male) |
| 18:33 | Build | Farm |
| 18:59 | Research | Bow Saw |
| 19:00 | Research | Bow Saw |
| 19:34 | Queue | Villager (Male) |
| 19:34 | Queue | Villager (Male) |
| 19:34 | Queue | Villager (Male) |
| 20:02 | Queue | Villager (Male) |
| 20:02 | Queue | Villager (Male) |
| 20:02 | Queue | Villager (Male) |
| 20:02 | Queue | Villager (Male) |
| 20:02 | Queue | Villager (Male) |
| 20:18 | Queue | Villager (Male) |
| 20:18 | Queue | Villager (Male) |
| 20:34 | Build | Siege Workshop |
| 20:41 | Build | Farm |
| 20:47 | Queue | Villager (Male) |
| 20:48 | Queue | Villager (Male) |
| 21:00 | Build | Monastery |
| 21:05 | Build | Farm |
| 21:08 | Queue | Villager (Male) |
| 21:08 | Queue | Villager (Male) |
| 21:08 | Queue | Villager (Male) |
| 21:08 | Queue | Villager (Male) |
| 21:21 | Queue | Knight |
| 21:25 | Queue | Knight |
| 21:29 | Build | Farm |
| 21:37 | Queue | Villager (Male) |
| 21:37 | Queue | Villager (Male) |
| 21:37 | Queue | Villager (Male) |
| 21:37 | Queue | Villager (Male) |
| 21:37 | Queue | Villager (Male) |
| 21:46 | Queue | Monk |
| 21:47 | Queue | Monk |
| 21:51 | Build | Farm |
| 21:55 | Build | Farm |
| 22:14 | Build | Farm |
| 22:16 | Queue | Villager (Male) |
| 22:16 | Queue | Villager (Male) |
| 22:16 | Queue | Villager (Male) |
| 22:16 | Queue | Villager (Male) |
| 22:16 | Queue | Villager (Male) |
| 22:16 | Queue | Villager (Male) |
| 22:17 | Queue | Villager (Male) |
| 22:17 | Queue | Villager (Male) |
| 22:44 | Queue | Villager (Male) |
| 22:44 | Queue | Villager (Male) |
| 22:44 | Queue | Villager (Male) |
Build order — Merciless Gladiator Stal
First 150 of 415 actions detected
| 0:01 | Queue | Villager (Male) |
| 0:03 | Build | House |
| 0:04 | Build | House |
| 0:09 | Queue | Villager (Male) |
| 0:09 | Queue | Villager (Male) |
| 0:10 | Queue | Villager (Male) |
| 1:25 | Queue | Villager (Male) |
| 2:00 | Queue | Villager (Male) |
| 2:00 | Queue | Villager (Male) |
| 2:09 | Build | Lumber Camp |
| 2:13 | Queue | Villager (Male) |
| 2:13 | Queue | Villager (Male) |
| 2:48 | Queue | Villager (Male) |
| 3:05 | Queue | Villager (Male) |
| 3:44 | Queue | Villager (Male) |
| 4:05 | Queue | Villager (Male) |
| 4:27 | Research | Loom |
| 4:29 | Build | House |
| 4:45 | Build | Mill |
| 4:55 | Queue | Villager (Male) |
| 4:55 | Queue | Villager (Male) |
| 4:56 | Queue | Villager (Male) |
| 4:58 | Queue | Villager (Male) |
| 5:20 | Queue | Villager (Male) |
| 6:21 | Build | House |
| 6:34 | Queue | Villager (Male) |
| 7:11 | Queue | Villager (Male) |
| 7:54 | Queue | Villager (Male) |
| 7:54 | Queue | Villager (Male) |
| 7:55 | Queue | Villager (Male) |
| 8:25 | Build | Mining Camp |
| 8:28 | Research | Feudal Age |
| 10:26 | Build | Barracks |
| 10:28 | Build | House |
| 10:42 | Build | Farm |
| 10:43 | Build | Farm |
| 10:45 | Build | Farm |
| 10:48 | Build | Farm |
| 10:49 | Build | Farm |
| 10:52 | Queue | Villager (Male) |
| 11:03 | Build | Farm |
| 11:06 | Build | Farm |
| 11:19 | Age | Feudal Age |
| 11:42 | Queue | Villager (Male) |
| 11:48 | Build | Farm |
| 12:02 | Build | Archery Range |
| 12:03 | Queue | Villager (Male) |
| 12:16 | Build | House |
| 12:18 | Build | Blacksmith |
| 12:24 | Queue | Villager (Male) |
| 12:26 | Build | House |
| 12:27 | Build | House |
| 12:33 | Build | Farm |
| 12:40 | Build | Farm |
| 12:55 | Queue | Villager (Male) |
| 13:02 | Build | Farm |
| 13:21 | Build | Farm |
| 13:24 | Queue | Villager (Male) |
| 13:37 | Build | Farm |
| 13:50 | Research | Castle Age |
| 13:50 | Research | Castle Age |
| 14:33 | Research | Double-Bit Axe |
| 14:34 | Research | Horse Collar |
| 15:55 | Queue | Villager (Male) |
| 16:30 | Age | Castle Age |
| 16:35 | Build | Town Center |
| 16:42 | Build | Town Center |
| 16:48 | Queue | Villager (Male) |
| 16:54 | Research | Bow Saw |
| 17:03 | Research | Gold Mining |
| 17:03 | Research | Gold Mining |
| 17:05 | Queue | Villager (Male) |
| 17:29 | Queue | Villager (Male) |
| 17:51 | Queue | Villager (Male) |
| 18:00 | Build | Farm |
| 18:03 | Build | Farm |
| 18:07 | Queue | Villager (Male) |
| 18:08 | Queue | Villager (Male) |
| 18:29 | Queue | Villager (Male) |
| 18:29 | Queue | Villager (Male) |
| 18:30 | Queue | Villager (Male) |
| 18:59 | Queue | Villager (Male) |
| 18:59 | Queue | Villager (Male) |
| 19:00 | Queue | Villager (Male) |
| 19:01 | Queue | Villager (Male) |
| 19:05 | Build | Farm |
| 19:07 | Build | Farm |
| 19:09 | Build | Farm |
| 19:12 | Build | Farm |
| 19:15 | Queue | Villager (Male) |
| 19:15 | Queue | Villager (Male) |
| 19:22 | Build | Farm |
| 19:23 | Build | Farm |
| 19:29 | Queue | Villager (Male) |
| 19:37 | Queue | Villager (Male) |
| 19:37 | Queue | Villager (Male) |
| 19:46 | Queue | Villager (Male) |
| 19:46 | Queue | Villager (Male) |
| 19:52 | Queue | Villager (Male) |
| 19:54 | Build | Farm |
| 19:55 | Build | Farm |
| 19:58 | Build | Farm |
| 20:00 | Queue | Villager (Male) |
| 20:08 | Build | Farm |
| 20:13 | Build | Farm |
| 20:14 | Build | Farm |
| 20:17 | Queue | Villager (Male) |
| 20:19 | Build | Farm |
| 20:24 | Queue | Villager (Male) |
| 20:25 | Queue | Villager (Male) |
| 20:30 | Build | Farm |
| 20:40 | Build | Farm |
| 20:42 | Queue | Villager (Male) |
| 20:42 | Queue | Villager (Male) |
| 20:47 | Build | House |
| 21:04 | Research | Wheelbarrow |
| 21:07 | Research | Town Watch |
| 21:15 | Build | Farm |
| 21:19 | Queue | Villager (Male) |
| 21:19 | Queue | Villager (Male) |
| 21:21 | Build | House |
| 21:26 | Build | House |
| 21:27 | Build | House |
| 21:29 | Queue | Villager (Male) |
| 21:29 | Queue | Villager (Male) |
| 21:37 | Build | Farm |
| 21:39 | Queue | Villager (Male) |
| 21:40 | Queue | Villager (Male) |
| 21:50 | Build | Farm |
| 22:04 | Queue | Villager (Male) |
| 22:08 | Build | Farm |
| 22:25 | Build | Farm |
| 22:26 | Queue | Villager (Male) |
| 22:26 | Queue | Villager (Male) |
| 22:26 | Queue | Villager (Male) |
| 22:30 | Build | House |
| 22:33 | Build | House |
| 22:35 | Queue | Villager (Male) |
| 22:44 | Build | Mining Camp |
| 22:49 | Queue | Villager (Male) |
| 22:49 | Queue | Villager (Male) |
| 23:02 | Queue | Villager (Male) |
| 23:02 | Queue | Villager (Male) |
| 23:16 | Build | University |
| 23:19 | Queue | Villager (Male) |
| 23:19 | Queue | Villager (Male) |
| 23:20 | Queue | Villager (Male) |
| 23:31 | Research | Padded Archer Armor |
| 23:33 | Research | Fletching |
| 23:38 | Queue | Villager (Male) |
Build order — LMG_SON SABANDIJAS
First 150 of 383 actions detected
| 0:01 | Queue | Villager (Male) |
| 0:01 | Queue | Villager (Male) |
| 0:01 | Queue | Villager (Male) |
| 0:01 | Queue | Villager (Male) |
| 0:03 | Build | House |
| 0:04 | Build | House |
| 1:37 | Queue | Villager (Male) |
| 1:37 | Queue | Villager (Male) |
| 1:38 | Queue | Villager (Male) |
| 1:46 | Build | Lumber Camp |
| 1:56 | Queue | Villager (Male) |
| 1:56 | Queue | Villager (Male) |
| 1:56 | Queue | Villager (Male) |
| 2:36 | Queue | Villager (Male) |
| 2:36 | Queue | Villager (Male) |
| 2:36 | Queue | Villager (Male) |
| 2:53 | Queue | Villager (Male) |
| 3:13 | Queue | Villager (Male) |
| 3:14 | Queue | Villager (Male) |
| 3:14 | Queue | Villager (Male) |
| 3:33 | Build | House |
| 3:48 | Queue | Villager (Male) |
| 3:49 | Queue | Villager (Male) |
| 3:49 | Queue | Villager (Male) |
| 3:49 | Queue | Villager (Male) |
| 4:01 | Build | House |
| 4:05 | Queue | Villager (Male) |
| 4:05 | Queue | Villager (Male) |
| 4:05 | Queue | Villager (Male) |
| 4:16 | Build | House |
| 4:38 | Queue | Villager (Male) |
| 4:38 | Queue | Villager (Male) |
| 4:51 | Build | House |
| 4:56 | Queue | Villager (Male) |
| 4:56 | Queue | Villager (Male) |
| 5:25 | Queue | Villager (Male) |
| 5:25 | Queue | Villager (Male) |
| 5:34 | Build | Mill |
| 5:35 | Build | Mill |
| 5:39 | Build | Mill |
| 6:03 | Queue | Villager (Male) |
| 6:03 | Queue | Villager (Male) |
| 6:03 | Queue | Villager (Male) |
| 6:04 | Queue | Villager (Male) |
| 6:25 | Build | Mining Camp |
| 6:32 | Queue | Villager (Male) |
| 7:06 | Build | Lumber Camp |
| 7:16 | Queue | Villager (Male) |
| 7:16 | Queue | Villager (Male) |
| 7:47 | Queue | Villager (Male) |
| 7:47 | Queue | Villager (Male) |
| 8:04 | Build | Farm |
| 8:31 | Build | Farm |
| 8:34 | Queue | Villager (Male) |
| 8:41 | Build | Farm |
| 9:19 | Queue | Villager (Male) |
| 9:21 | Build | Farm |
| 9:48 | Build | Farm |
| 10:11 | Build | Farm |
| 10:23 | Research | Feudal Age |
| 10:23 | Research | Feudal Age |
| 10:23 | Research | Feudal Age |
| 10:42 | Build | Farm |
| 11:48 | Queue | Villager (Male) |
| 11:48 | Queue | Villager (Male) |
| 12:33 | Age | Feudal Age |
| 12:47 | Build | Market |
| 12:52 | Build | Blacksmith |
| 12:55 | Research | Double-Bit Axe |
| 12:56 | Research | Horse Collar |
| 13:00 | Queue | Villager (Male) |
| 13:05 | Build | Farm |
| 13:06 | Queue | Villager (Male) |
| 13:49 | Queue | Villager (Male) |
| 14:20 | Build | Stone Wall |
| 14:31 | Research | Castle Age |
| 14:47 | Queue | Villager (Male) |
| 14:47 | Queue | Villager (Male) |
| 14:48 | Queue | Villager (Male) |
| 15:40 | Queue | Villager (Male) |
| 15:40 | Queue | Villager (Male) |
| 16:23 | Build | House |
| 16:29 | Queue | Villager (Male) |
| 16:44 | Build | Farm |
| 16:47 | Build | Farm |
| 16:51 | Build | Farm |
| 16:53 | Build | Farm |
| 16:56 | Build | Farm |
| 17:04 | Build | Farm |
| 17:10 | Build | Farm |
| 17:18 | Age | Castle Age |
| 17:19 | Build | Farm |
| 17:21 | Queue | Villager (Male) |
| 17:26 | Build | Monastery |
| 17:33 | Build | Siege Workshop |
| 17:45 | Queue | Villager (Male) |
| 18:31 | Research | Imperial Age |
| 18:31 | Research | Imperial Age |
| 18:42 | Build | Palisade Wall |
| 18:54 | Queue | Monk |
| 19:18 | Build | Barracks |
| 19:21 | Build | Palisade Wall |
| 20:09 | Queue | Villager (Male) |
| 20:09 | Queue | Villager (Male) |
| 20:18 | Build | Archery Range |
| 20:36 | Build | Archery Range |
| 21:17 | Build | House |
| 21:31 | Build | House |
| 21:43 | Age | Imperial Age |
| 21:45 | Queue | Hand Cannoneer |
| 21:45 | Queue | Hand Cannoneer |
| 21:46 | Queue | Hand Cannoneer |
| 21:46 | Queue | Hand Cannoneer |
| 21:49 | Queue | Hand Cannoneer |
| 21:49 | Queue | Hand Cannoneer |
| 21:49 | Queue | Hand Cannoneer |
| 21:57 | Queue | Villager (Male) |
| 22:20 | Queue | Bombard Cannon |
| 22:20 | Queue | Bombard Cannon |
| 22:20 | Queue | Bombard Cannon |
| 22:28 | Build | House |
| 22:31 | Queue | Hand Cannoneer |
| 22:32 | Queue | Hand Cannoneer |
| 22:35 | Research | Padded Archer Armor |
| 22:39 | Queue | Villager (Male) |
| 22:39 | Queue | Villager (Male) |
| 22:47 | Build | House |
| 22:54 | Queue | Hand Cannoneer |
| 22:55 | Queue | Hand Cannoneer |
| 22:55 | Queue | Hand Cannoneer |
| 22:55 | Queue | Hand Cannoneer |
| 23:04 | Queue | Villager (Male) |
| 23:35 | Queue | Bombard Cannon |
| 23:35 | Queue | Bombard Cannon |
| 23:35 | Queue | Bombard Cannon |
| 23:50 | Queue | Villager (Male) |
| 23:55 | Queue | Hand Cannoneer |
| 23:55 | Queue | Hand Cannoneer |
| 23:55 | Queue | Hand Cannoneer |
| 24:03 | Build | House |
| 24:12 | Queue | Hand Cannoneer |
| 24:12 | Queue | Hand Cannoneer |
| 24:12 | Queue | Hand Cannoneer |
| 24:23 | Queue | Villager (Male) |
| 24:23 | Queue | Villager (Male) |
| 24:23 | Queue | Villager (Male) |
| 24:25 | Build | Farm |
| 24:25 | Build | Farm |
| 24:39 | Queue | Bombard Cannon |
| 24:39 | Queue | Bombard Cannon |
Match timeline
| 10:01 | Racletteduterter · age_up feudal |
| 10:06 | Soulrajh · age_up feudal |
| 10:25 | LMG_Leonardo · age_up feudal |
| 10:26 | Merciless Gladiator Stal · first_building Barracks |
| 11:15 | LMG_HERA DE TEMU · age_up feudal |
| 11:19 | Merciless Gladiator Stal · age_up feudal |
| 11:44 | Racletteduterter · first_building Barracks |
| 12:02 | Merciless Gladiator Stal · first_building Archery Range |
| 12:33 | LMG_SON SABANDIJAS · age_up feudal |
| 12:49 | Racletteduterter · first_building Stable |
| 13:02 | LMG_HERA DE TEMU · first_building Barracks |
| 13:58 | LMG_Leonardo · age_up castle |
| 14:00 | LMG_Leonardo · first_building Monastery |
| 14:02 | Soulrajh · age_up castle |
| 14:11 | LMG_HERA DE TEMU · first_building Stable |
| 14:20 | LMG_SON SABANDIJAS · wall_segment Stone Wall x9 |
| 15:14 | LMG_HERA DE TEMU · age_up castle |
| 15:19 | LMG_HERA DE TEMU · first_building Monastery |
| 15:31 | Soulrajh · first_building Monastery |
| 16:30 | Merciless Gladiator Stal · age_up castle |
| 16:32 | LMG_Leonardo · first_building Barracks |
| 17:18 | LMG_SON SABANDIJAS · age_up castle |
| 17:26 | LMG_SON SABANDIJAS · first_building Monastery |
| 17:31 | LMG_Leonardo · first_building Stable |
| 17:33 | LMG_SON SABANDIJAS · first_building Siege Workshop |
| 17:46 | Racletteduterter · age_up castle |
| 17:51 | LMG_SON SABANDIJAS · first_market_sell 100 stone |
| 17:55 | LMG_SON SABANDIJAS · first_market_buy 100 food |
| 18:07 | Racletteduterter · first_market_buy 100 wood |
| 18:42 | LMG_SON SABANDIJAS · wall_segment Palisade Wall x1 |
| 19:18 | LMG_SON SABANDIJAS · first_building Barracks |
| 19:21 | LMG_SON SABANDIJAS · wall_segment Palisade Wall x1 |
| 19:23 | Soulrajh · first_building Barracks |
| 20:18 | LMG_SON SABANDIJAS · first_building Archery Range |
| 20:28 | Soulrajh · first_building Archery Range |
| 20:34 | Racletteduterter · first_building Siege Workshop |
| 21:00 | Racletteduterter · first_building Monastery |
| 21:43 | LMG_SON SABANDIJAS · age_up imperial |
| 22:40 | Soulrajh · wall_segment Stone Wall x11 |
| 22:51 | LMG_HERA DE TEMU · first_market_buy 100 food |
| 23:43 | Merciless Gladiator Stal · first_building Siege Workshop |
| 24:57 | LMG_Leonardo · wall_segment Palisade Wall x1 |
| 25:00 | LMG_Leonardo · wall_segment Palisade Wall x1 |
| 25:01 | LMG_Leonardo · wall_segment Palisade Wall x1 |
| 25:05 | LMG_Leonardo · wall_segment Palisade Wall x1 |
| 25:06 | LMG_Leonardo · wall_segment Palisade Wall x1 |
| 25:07 | LMG_Leonardo · wall_segment Palisade Wall x1 |
| 26:55 | Soulrajh · first_market_sell 100 food |
| 26:56 | Soulrajh · first_market_buy 100 wood |
| 28:09 | Merciless Gladiator Stal · age_up imperial |
| 28:11 | Soulrajh · age_up imperial |
| 28:17 | Merciless Gladiator Stal · first_building Castle |
| 28:26 | Racletteduterter · first_market_sell 500 wood |
| 28:28 | Soulrajh · wall_segment Stone Wall x1 |
| 29:02 | LMG_Leonardo · first_building Castle |
| 29:38 | LMG_Leonardo · age_up imperial |
| 30:21 | LMG_Leonardo · first_building Siege Workshop |
| 30:35 | Racletteduterter · first_building Castle |
| 31:43 | Racletteduterter · age_up imperial |
| 33:50 | LMG_Leonardo · tribute_sent a jugador 1 |
| 33:50 | LMG_Leonardo · tribute_sent a jugador 3 |
| 33:50 | LMG_Leonardo · tribute_sent a jugador 4 |
| 33:50 | LMG_Leonardo · tribute_sent a jugador 5 |
| 33:50 | LMG_Leonardo · tribute_sent a jugador 6 |
| 34:45 | Merciless Gladiator Stal · first_market_sell 100 food |
| 34:48 | Soulrajh · resign |
| 35:39 | LMG_Leonardo · first_market_sell 100 food |
| 37:04 | LMG_HERA DE TEMU · first_building Archery Range |
| 39:46 | LMG_Leonardo · tribute_sent a jugador 1 |
| 39:46 | LMG_Leonardo · tribute_sent a jugador 3 |
| 39:46 | LMG_Leonardo · tribute_sent a jugador 4 |
| 39:46 | LMG_Leonardo · tribute_sent a jugador 5 |
| 39:46 | LMG_Leonardo · tribute_sent a jugador 6 |
| 40:39 | LMG_Leonardo · tribute_sent a jugador 1 |
| 40:39 | LMG_Leonardo · tribute_sent a jugador 3 |
| 40:39 | LMG_Leonardo · tribute_sent a jugador 4 |
| 40:39 | LMG_Leonardo · tribute_sent a jugador 5 |
| 40:39 | LMG_Leonardo · tribute_sent a jugador 6 |
| 41:26 | LMG_Leonardo · tribute_sent a jugador 1 |
| 41:26 | LMG_Leonardo · tribute_sent a jugador 3 |
| 41:26 | LMG_Leonardo · tribute_sent a jugador 4 |
| 41:26 | LMG_Leonardo · tribute_sent a jugador 5 |
| 41:26 | LMG_Leonardo · tribute_sent a jugador 6 |
[ AI ANALYSIS · 1 CREDIT ]
What really happened in this match?
Wolo.gg analyzes every decision: build order, eco, micro, common mistakes by bracket. Personalized analysis on WhatsApp or Discord in 30 seconds.
Civ guide
Burgundians
Perfil
Jugador #12168959